Unix NetHack Version 5.0.0-0 post-release - last build May 31 2026 23:59:36 (970b52f25bf058293b47ddfd14a1e40e571c508c,branch:main).

Game began 2026-06-06 23:53:29, ended 2026-06-07 00:14:56.

Drastanta, neutral male human Barbarian

                                                                       -------
                       ---------------------------------       ########....<.|
                       |...............................|########     ##|.....|
                       |..-----..--|--...-----....----.|#              -------
                       |..|(!(|..|.....%.|..[|.---|..|.|#
       0               |..|.((|..|..|....|@_.|.|..|..|.|#
      #                |..|...|.-------.%|)..|.|..|-|-.|#
     #######           |..---[-.|...|...%@)..|.|..|....|#
  --.-.---             |........|...-.o.h|----.-|--..{)|#             |
  |......|         #   |.-----..-----.--+|  |........%.|#            .|
  |.......#############..|!%.-........|  |..-..-|--....|##    ...>....|
  |......|  ###      # |.|%!.|....---||  |----.|..|+--.|#            .|
  |......|    ######  #|.-----.---|...|--|!%.|.|..|  |.|#
  --------         ####........+  |...|..|![.-[---|  |.|#
                       |.......|  |...|..|?*.|....|  |.|#
                       |.{.....--------|------%...----..##
                       |......(....................)...|#
                       ---------------------------------

Drastanta the Bandit       St:18 Dx:17 Co:18 In:8 Wi:7 Ch:6  Neutral
Dlvl:6  $:229 HP:0(65) Pw:12(12) AC:0  Xp:6 T:2768 

Latest messages:
 The Uruk-hai wields an orcish bow!
 You stop.  The priestess of Crom doesn't want to swap places.
 You hear someone cursing shoplifters.
 You hear crashing rock.
 You hear crashing rock.
 You hear crashing rock.
 You hear crashing rock.
 The gnome shoots 2 crossbow bolts!
 You are hit by the 1st crossbow bolt.
 The 2nd crossbow bolt misses you.
 The gnome shoots 2 crossbow bolts!
 The 1st crossbow bolt misses you.
 You are hit by the 2nd crossbow bolt.
 There is an open door here.
 You see here a pony corpse.
 The Uruk-hai wields an orcish short sword!
 You kill the gnome!
 You smite the Uruk-hai!
 The Uruk-hai wields an orcish bow!
 You miss the Uruk-hai.
 The Uruk-hai wields an orcish short sword!
 The Uruk-hai misses!
 You kill the Uruk-hai!
 You smite the Uruk-hai!
 The Uruk-hai hits!
 You smite the Uruk-hai!
 The Uruk-hai wields an orcish bow!
 The Uruk-hai hits!
 You kill the Uruk-hai!
 The Uruk-hai wields an orcish short sword!
 The dwarf lady picks up an orcish cloak.
 The Uruk-hai wields an orcish bow!
 You smite the dwarf lady!
 The dwarf lady swings her pick-axe.
 The dwarf lady just misses!
 The dwarf lady swings her pick-axe.
 The dwarf lady misses!
 The Uruk-hai wields an orcish short sword!
 You smite the dwarf lady!
 The Uruk-hai picks up a crossbow.
 The Uruk-hai wields an orcish bow!
 You smite the Uruk-hai!
 You kill the Uruk-hai!
 The dwarf lady swings her pick-axe.
 The dwarf lady hits!
 The dwarf lady swings her pick-axe.
 The dwarf lady hits again!
 You die...
 Do you want your possessions identified? [ynq] (y) y
 Do you want to see your attributes? [ynq] (y) q

Inventory:
 Coins    ('$')
  $ - 229 gold pieces
 Amulets  ('"')
  t - an uncursed amulet of unchanging
 Weapons  (')')
  b - a +0 axe (alternate weapon; not wielded)
  a - a +0 two-handed sword (weapon in hands)
 Armor    ('[')
  Q - an uncursed +0 elven leather helm (being worn)
  K - an uncursed +0 pair of leather gloves (being worn)
  B - an uncursed +0 pair of iron shoes (being worn)
  D - an uncursed +0 dwarvish cloak (being worn)
  C - an uncursed +0 dwarvish mithril-coat (being worn)
 Comestibles  ('%')
  i - 2 uncursed tripe rations
  M - an uncursed lizard corpse
 Scrolls  ('?')
  g - a blessed scroll of create monster
  j - 2 uncursed scrolls of enchant weapon
  k - an uncursed scroll of food detection
  y - an uncursed scroll of remove curse
  x - 2 blessed scrolls of teleportation
  I - an uncursed scroll of teleportation
 Spellbooks  ('+')
  f - an uncursed spellbook of healing
  l - an uncursed spellbook of healing
  e - an uncursed spellbook of jumping
 Potions  ('!')
  r - a blessed potion of healing
  v - an uncursed potion of sleeping
 Rings    ('=')
  N - an uncursed ring of fire resistance
  o - an uncursed ring of polymorph
 Wands    ('/')
  G - a wand of undead turning (0:8)
 Tools    ('(')
  z - an uncursed bell
  J - an uncursed magic whistle
 Gems/Stones  ('*')
  n - 2 uncursed opals

Drastanta the Barbarian's attributes:

Background:
 You were a Bandit, a level 6 male human Barbarian.
 You were neutral, on a mission for Crom
 who was opposed by Mitra (lawful) and Set (chaotic).
 You were left-handed.
 You were in the Gnomish Mines, on level 6.
 You entered the dungeon 2768 turns ago.
 It was the midnight hour.
 You had 619 experience points, 21 more were needed to attain level 7.

Basics:
 You had 0 out of 65 hit points.
 You had all 12 energy points (spell power).
 Your armor class was 0.
 Your wallet contained 229 zorkmids.
 Autopickup was on for '$' plus thrown.

Final Characteristics:
 Your strength was 18 (peak:18/01, limit:18/100).
 Your dexterity was 17 (limit:18).
 Your constitution was 18 (limit:18).
 Your intelligence was 8 (limit:18).
 Your wisdom was 7 (limit:18).
 Your charisma was 6 (limit:18).

Final Status:
 You weren't hungry.
 You were unencumbered.
 You were wielding a two-handed sword.
 You had basic skill with two-handed sword and could have enhanced that.

Final Attributes:
 You were piously aligned.
 Your items were somewhat protected from fire.
 Your items were somewhat protected from cold.
 You were poison resistant.
 You were guarded.
 You are dead.

Miscellaneous:
 You didn't encounter any bones levels.
 Total elapsed playing time was 21 minutes and 26 seconds.

Major events:
 Turn
    1: Drastanta the neutral male human Barbarian entered the dungeon
 1002: entered the Gnomish Mines
 1053: attained the rank of Pillager (level 3)
 1586: reached Mine Town
 1778: attained the rank of Bandit (level 6)
 2768: killed by a dwarf lady

You didn't know any spells.

Skills:
 Fighting Skills
   bare handed combat [Basic]
   two weapon combat  [Unskilled]
   riding             [Unskilled]
 Weapon Skills
   dagger             [Unskilled]
   axe                [Basic]
   pick-axe           [Unskilled]
   short sword        [Unskilled]
   broadsword         [Unskilled]
   long sword         [Unskilled]
   two-handed sword   [Basic]
   saber              [Unskilled]
   club               [Unskilled]
   mace               [Unskilled]
   morning star       [Unskilled]
   flail              [Unskilled]
   hammer             [Unskilled]
   quarterstaff       [Unskilled]
   spear              [Unskilled]
   trident            [Unskilled]
   bow                [Unskilled]
 Spellcasting Skills
   attack spells      [Unskilled]
   escape spells      [Unskilled]

Voluntary challenges:
 Character rerolling was not enabled.
 You were illiterate.
 You never genocided any monsters.
 You never polymorphed an object.
 You never changed form.
 You used no wishes.
Achievements:
 You entered the Gnomish Mines.
 You attained the rank of Pillager.
 You entered Minetown.
 You entered a temple.
 You entered a shop.
 You attained the rank of Bandit.

 The Dungeons of Doom: levels 1 to 4
    Level 1:
       Some fountains.
    Level 2:
       A fountain.
    Level 3:
       A fountain.
       Stairs down to The Gnomish Mines.
    Level 4:
 The Gnomish Mines: levels 4 to 6
    Level 4:
    Level 5:
    Level 6: <- You were here.
       Many shops, a temple and an altar to Crom, some fountains.
       Final resting place for
          you, killed by a dwarf lady.


Vanquished creatures:
  a small mimic
 an iron piercer
  a lizard
  a blue jelly
  a snake
  2 Woodland-elves
  6 Uruk-hai
  a pony
  a yellow light
  2 gnome leaders
  2 gnomish wizards
  a straw golem
  a floating eye
  6 dwarves
  a wererat
 an acid blob
  a large kobold
 23 gnomes
  3 geckos
  2 jackals
  3 goblins
  4 sewer rats
  2 lichens
  3 kobold zombies
  2 newts
72 creatures vanquished.

No species were genocided or became extinct.

Game over:
                       ----------
                      /          \
                     /    REST    \
                    /      IN      \
                   /     PEACE      \
                  /                  \
                  |    Drastanta     |
                  |      229 Au      |
                  |   killed by a    |
                  |    dwarf lady    |
                  |                  |
                  |                  |
                  |       2026       |
                 *|     *  *  *      | *
        _________)/\\_//(\/(/\)/\//\/|_)_______

Goodbye Drastanta the Barbarian...

You died in The Gnomish Mines on dungeon level 6 with 2933 points,
and 229 pieces of gold, after 2768 moves.
You were level 6 with a maximum of 65 hit points when you died.

